 Dungeon Crawl Stone Soup version 0.29-a0-338-g1ff7896281 (webtiles) character file.

Game seed: 6169346394766655651

65201 zishaf the Fighter (level 15, -6/100 HPs)
             Began as an Octopode Ice Elementalist on Apr 18, 2022.
             Was a High Priest of Hepliaklqana.
             Killed from afar by Jorgrun (23 damage)
             ... with an iron shot
             ... on level 14 of the Dungeon.
             The game lasted 01:14:45 (30655 turns).

zishaf the Fighter (Octopode Ice Elementalist)     Turns: 30655, Time: 01:14:47

Health: -6/100     AC: 13    Str:  8    XL:     15   Next: 15%
Magic:  15/33      EV: 17    Int: 32    God:    Hepliaklqana [*****.]
Gold:   1261       SH: 14    Dex: 12    Spells: 7/26 levels left

rFire   . . .      SeeInvis +   Q - +6 trident of Woe {vorpal, rC+ Stlth+}
rCold   + . .      Faith    .   i - +3 buckler
rNeg    . . .      Spirit   .   (helmet restricted)
rPois   .          Reflect  +   E - amulet of reflection
rElec   +          Harm     .   e - +4 ring of slaying
rCorr   .          Rampage  .   d - ring of wizardry
Will    ++...                   f - ring of fire
Stlth   +++.......              y - ring of ice
HPRegen 0.26/turn               D - ring of Nopem {rElec Int+7 SInv Stlth-}
MPRegen 0.23/turn               Y - +4 ring of evasion
                                X - ring of magical power
                                M - ring of willpower

@: ice-armoured, grasped by roots, freezing walls, constricted
A: reduced essence, almost no armour, amphibious, 8 rings, camouflage 1,
gelatinous body 1, (nimble swimmer 1), tentacles, tentacle spike 1, MP-powered
wands
a: Renounce Religion, Recall Ancestor, Ancestor Identity, Transference, Idealise


You were on level 14 of the Dungeon.
You worshipped Hepliaklqana.
Hepliaklqana was extremely pleased with you.
You visited 2 branches of the dungeon, and saw 20 of its levels.
You also visited: Bailey.

You collected 2699 gold pieces.
You spent 1438 gold pieces at shops.

Inventory:

Hand Weapons
 s - a +2 vampiric dagger
 v - a +2 whip of electrocution
 Q - the +6 trident of Woe (weapon) {vorpal, rC+ Stlth+}
   (You found it on level 2 of the Lair of Beasts)

   It inflicts extra damage upon your enemies.
   rC:        It protects you from cold.
   Stlth:     It makes you more stealthy.
 V - the +7 scimitar of Superiority {pain, rElec rPois Int-5 SInv}
   (You found it on level 6 of the Lair of Beasts)

   In the hands of one skilled in necromantic magic, it inflicts extra damage on
   living creatures.
   Int:       It affects your intelligence (-5).
   rElec:     It insulates you from electricity.
   rPois:     It protects you from poison.
   SInv:      It lets you see invisible.
Missiles
 k - 4 throwing nets
 m - 28 poisoned darts
Armour
 i - a +3 buckler (worn)
Magical Staves
 p - a staff of earth
Jewellery
 d - a ring of wizardry (right tentacle)
 e - a +4 ring of slaying (left tentacle)
 f - a ring of fire (on tentacle)
 y - a ring of ice (on tentacle)
 D - the ring of Nopem (on tentacle) {rElec Int+7 SInv Stlth-}
   (You bought it in a shop on level 7 of the Dungeon)

   [ring of see invisible]

   Int:       It affects your intelligence (+7).
   rElec:     It insulates you from electricity.
   SInv:      It lets you see invisible.
   Stlth:     It makes you less stealthy.
 E - an amulet of reflection (around mantle)
 K - a ring of poison resistance
 M - a ring of willpower (on tentacle)
 W - a ring of resist corrosion
 X - a ring of magical power (on tentacle)
 Y - a +4 ring of evasion (on tentacle)
Wands
 n - a wand of iceblast (23)
 u - a wand of charming (8)
 G - a wand of digging (12)
 J - a wand of mindburst (12)
 N - a wand of flame (34)
 S - a wand of polymorph (6)
Scrolls
 b - 11 scrolls of teleportation
 c - 4 scrolls of fog
 w - 6 scrolls of enchant armour
 z - 2 scrolls of magic mapping
 A - 5 scrolls of amnesia
 B - a scroll of enchant weapon
 H - 2 scrolls of fear
 I - a scroll of summoning
 L - 4 scrolls of blinking
 R - 2 scrolls of identify
 U - a scroll of holy word
Potions
 a - a potion of magic
 g - 5 potions of mutation
 h - a potion of brilliance
 j - 5 potions of attraction
 l - 3 potions of invisibility
 o - 4 potions of resistance
 q - 3 potions of cancellation
 r - a potion of heal wounds
 t - 6 potions of might
 x - 5 potions of curing
 C - a potion of ambrosia
 F - a potion of berserk rage
 P - 4 potions of flight
 T - a potion of haste
Miscellaneous
 O - a phantom mirror (inert)


   Skills:
 + Level 13.7 Fighting
 + Level 8.1 Polearms
 + Level 9.5 Dodging
 - Level 3.0 Stealth
 - Level 8.0 Shields
 - Level 6.0 Spellcasting
 - Level 6.0 Conjurations
 + Level 12.8 Ice Magic
 - Level 3.0 Air Magic
 - Level 10.0 Invocations


You had 7 spell levels left.
You knew the following spells:

 Your Spells              Type           Power      Damage    Failure   Level
a - Freeze                Ice            100%       1d11      1%          1
b - Frozen Ramparts       Ice            100%       1d12      1%          3
c - Ozocubu's Armour      Ice            95%        N/A       1%          3
d - Hailstorm             Conj/Ice       81%        3d16      1%          4
e - Mephitic Cloud        Conj/Pois/Air  28%        N/A       1%          3
f - Freezing Cloud        Conj/Ice/Air   35%        6-21      3%          5

Your spell library contained the following spells:

 Spells                   Type           Power      Damage    Failure   Level
 Corpse Rot               Necr/Air       38%        N/A       1%          2
 Poisonous Vapours        Pois/Air       38%        N/A       1%          2
 Stone Arrow              Conj/Erth      56%        3d10      1%          3
 Apportation              Tloc           18%        N/A       2%          1
 Beastly Appendage        Tmut           18%        N/A       2%          1
 Pain                     Necr           36%        1d5       2%          1
 Sandblast                Erth           18%        2d7       2%          1
 Slow                     Hex            36%        N/A       2%          1
 Blink                    Tloc           18%        N/A       3%          2
 Passwall                 Tmut/Erth      7%         N/A       3%          2
 Scorch                   Fire           28%        2d6       3%          2
 Wereblood                Tmut           9%         N/A       3%          2
 Flame Wave               Conj/Fire      43%        2d9       6%          4
 Sticky Flame             Conj/Fire      43%        2d6       6%          4
 Confusing Touch          Hex            9%         N/A       7%          3
 Ignite Poison            Fire/Tmut/Pois 14%        N/A       7%          3
 Inner Flame              Hex/Fire       14%        N/A       7%          3
 Lesser Beckoning         Tloc           9%         N/A       7%          3
 Spider Form              Tmut/Pois      9%         N/A       7%          3
 Vampiric Draining        Necr           9%         2d6       7%          3
 Dispel Undead            Necr           9%         3d8       22%         4
 Agony                    Necr           9%         N/A       50%         5
 Alistair's Intoxication  Tmut/Pois      6%         N/A       50%         5
 Excruciating Wounds      Necr           4%         N/A       50%         5
 Manifold Assault         Tloc           9%         N/A       50%         5
 Death Channel            Necr           4%         N/A       96%         6
 Summon Cactus Giant      Summ           4%         N/A       96%         6
 Lehudib's Crystal Spear  Conj/Erth      14%        10d5      100%        8
 Animate Armour           Summ/Erth      Unusable   N/A       N/A         4

Dungeon Overview and Level Annotations

Branches:
Dungeon (14/15)            Temple (0/1) D:4            Lair (6/6) D:10
  Swamp (0/4) Lair:2       Spider (0/4) Lair:2          Orc (0/2) D:10
 Vaults (0/5) D:14         Bailey (visited)
  Slime: Lair:5-6

Altars:
Ashenzari
Cheibriados
Elyvilon
Gozag
Hepliaklqana
Kikubaaqudgha
Nemelex Xobeh
Trog
Uskayaw
Yredelemnul
Zin
Beogh

Shops:
D:4 *   D:7 =   D:9 *

Annotations:
D:1 dig vault
D:14 Jorgrun
Lair:6 exclusion: 3 oklob plants


Innate Abilities, Weirdness & Mutations

Your life essence is reduced to manifest your ancestor. (-10% HP)
You cannot wear most types of armour.
You are amphibious.
You can wear up to eight rings at the same time.
Your skin changes colour to match your surroundings (Stealth+).
Your rubbery body absorbs attacks. (AC +1, EV +1)
((You are camouflaged when in or above water. (Stealth+)))
You have tentacles for arms and can constrict up to eight enemies at once.
One of your tentacles bears a spike.
You expend magic power (3 MP) to strengthen your wands.


Message History

Jorgrun is engulfed in freezing vapours.
Jorgrun casts a spell at you.
You easily resist.
Jorgrun is engulfed in freezing vapours.
Jorgrun gestures at you while chanting.
You easily resist.
Jorgrun is engulfed in freezing vapours.
Jorgrun is engulfed in freezing vapours.
Jorgrun is engulfed in freezing vapours.
Jorgrun is engulfed in freezing vapours.
Jorgrun points at you and mumbles some strange words.
Roots burst forth from the earth!
The grasping roots grab you! The grasping roots constrict you!
The frozen ramparts melt away.
Jorgrun is engulfed in freezing vapours.
The grasping roots constrict you!
* * * LOW HITPOINT WARNING * * *
Casting: Freezing Cloud (dangerous; 3% risk of failure)
Confirm with . or Enter, or press ? or * to list all spells.
Aiming: Freezing Cloud (dangerous; 3% risk of failure)
Press: ? - help, Dir - move target There's already a cloud there.
Okay, then.
Casting: Freezing Cloud (dangerous; 3% risk of failure)
Confirm with . or Enter, or press ? or * to list all spells.
Casting: Frozen Ramparts (safe; 1% risk of failure)
Press: ? - help, Dir - look around, f - activate You feel a surge of power!
The walls around you are covered in ice.
Jorgrun resists.
The wall freezes Jorgrun.
Jorgrun points next to you and mumbles some strange words.
Some rock shatters into small pieces.
The grasping roots constrict you!
* * * LOW HITPOINT WARNING * * *
Casting: Frozen Ramparts (safe; 1% risk of failure)
Confirm with . or Enter, or press ? or * to list all spells.
You feel a surge of power! A film of ice covers your body!
Jorgrun casts a spell at you. The iron shot hits you!!
You die...

###.....#..H.##
#...._.....g..#
#.#.....#.........
#.#§...§###......>
#.###.### .######
#§§##...#####
#§g§#.....#
#.§.○#.##.#
#.@...#.#.#######
##..............###
#....#....####.....
#.>..# .........###
#....###........###
#.......(######....
#.#)##.### #.###
#.#.##.# #.#
#.#.##.# #.#


You could see Jorgrun.

Vanquished Creatures
  Agnes (D:14)
  An orc warlord (Bailey)
  5 hydras
  4 catoblepae
  An ogre mage (D:14)
  2 centaur warriors (D:13)
  A two-headed ogre (D:14)
  9 death yaks
  Nergalle (Lair:2)
  3 skeletal warriors (D:14)
  A wizard (D:14)
  2 deep elf pyromancers
  2 cyclopes
  3 black mambas
  A salamander (shapeshifter) (D:9)
  2 manticores
  2 ugly things (D:13)
  3 elephants
  Joseph (D:8)
  A gargoyle (D:12)
  2 torpor snails
  14 cane toads
  An unseen horror (D:12)
  7 komodo dragons
  Psyche (D:8)
  2 rime drakes
  2 polar bears
  3 trolls
  A troll (shapeshifter) (D:13)
  A tyrant leech (Lair:2)
  A wolf spider simulacrum (D:14)
  A dream sheep (Lair:5)
  9 blink frogs
  3 slime creatures
  43 yaks
  2 vampires
  3 hogs (D:12)
  A human (D:12)
  3 basilisks
  A wyvern (Lair:6)
  A steam dragon (Lair:3)
  Menkaure (D:5)
  3 swamp worms (Lair:2)
  3 wargs (D:10)
  Edmund (D:5)
  8 water moccasins
  15 orc warriors
  2 ice beasts (D:7)
  2 black bears
  An ogre (D:4)
  6 centaurs
  3 wolves (Lair:1)
  Blork the orc (D:6)
  2 gnoll sergeants (D:7)
  10 bullfrogs
  2 scorpions
  3 killer bees
  4 howler monkeys
  A crimson imp (D:7)
  A jelly (D:5)
  A hound (D:5)
  7 orc priests
  3 gnoll shamans
  5 iguanas
  Jessica (D:3)
  A hexer (Lair:1)
  10 orc wizards
  23 gnolls
  3 adders
  3 white imps
  An ufetubus (D:7)
  2 worms (D:2)
  5 dart slugs
  34 orcs
  6 bats
  13 endoplasms
  22 goblins
  15 hobgoblins
  7 jackals
  12 kobolds
  A quokka (D:4)
  7 ball pythons
  5 frilled lizards
  2 rats
406 creatures vanquished.

Vanquished Creatures (collateral kills)
  A two-headed ogre (D:14)
  A death yak (Lair:6)
  Urug (Lair:5)
  A skeletal warrior (D:14)
  A wizard (D:14)
  An ugly thing (D:12)
  4 elephants
  A manticore (Lair:6)
  A black mamba (Lair:5)
  2 gargoyles
  3 cane toads
  A rime drake (Lair:5)
  6 komodo dragons
  A troll (D:9)
  A troll (shapeshifter) (D:12)
  A tyrant leech (Lair:2)
  2 slime creatures (D:12)
  7 blink frogs
  3 dream sheep (Lair:5)
  A shadow (D:9)
  11 yaks
  A wraith (D:14)
  2 wyverns (Lair:5)
  A basilisk (Lair:2)
  2 steam dragons (D:8)
  An acid dragon (D:9)
  4 water moccasins
  5 orc warriors
  An ice beast (D:8)
  A sky beast (D:8)
  An ogre (D:7)
  A centaur (D:9)
  4 bullfrogs
  A gnoll sergeant (D:7)
  A scorpion (D:6)
  4 killer bees
  An electric eel (Lair:2)
  3 hounds (D:7)
  3 orc priests
  A gnoll shaman (D:7)
  4 orc wizards
  10 gnolls
  A shadow imp (D:5)
  5 orcs
  6 goblins
  5 hobgoblins
  2 kobolds (D:7)
122 creatures vanquished.

Vanquished Creatures (others)
  26 hexers
  4 ancestors
  25 fungi
  39 plants
94 creatures vanquished.

Grand Total: 622 creatures vanquished

Notes
Turn   | Place    | Note
-------+----------+-------------------------------------------
     0 | D:1      | zishaf the Octopode Ice Elementalist began the quest for
                  | the Orb.
     0 | D:1      | Reached XP level 1. HP: 11/11 MP: 3/3
   268 | D:1      | Reached XP level 2. HP: 18/18 MP: 5/5
   457 | D:1      | Reached skill level 1 in Fighting
   536 | D:1      | Reached XP level 3. HP: 20/23 MP: 2/6
  1116 | D:1      | Found a faded altar of an unknown god.
  1364 | D:2      | Learned a level 3 spell: Frozen Ramparts
  1617 | D:2      | Found a sparkling altar of Nemelex Xobeh.
  1701 | D:2      | Reached skill level 5 in Ice Magic
  1701 | D:2      | Reached XP level 4. HP: 18/28 MP: 7/7
  1811 | D:2      | Learned a level 3 spell: Ozocubu's Armour
  2246 | D:2      | Reached skill level 1 in Shields
  2889 | D:3      | Reached XP level 5. HP: 13/33 MP: 4/8
  3200 | D:3      | Found a white marble altar of Elyvilon.
  3505 | D:3      | Found a faded altar of an unknown god.
  3507 | D:3      | Found a hazy altar of Hepliaklqana.
  3507 | D:3      | Noticed Jessica
  3511 | D:3      | Killed Jessica
  3521 | D:3      | Became a worshipper of Hepliaklqana the Forgotten
  3997 | D:4      | Reached XP level 6. HP: 38/38 MP: 4/9
  4067 | D:4      | Found Saegheu's Assorted Antiques.
  4073 | D:4      | Bought a scroll labelled VEIJAO DAUJI for 31 gold pieces
  4463 | D:4      | Found a staircase to the Ecumenical Temple.
  4847 | D:4      | Identified the +3 pair of boots of Infinity {rElec Str+4
                  | Stlth+}
  4873 | D:5      | Entered Level 5 of the Dungeon
  4988 | D:5      | Noticed Edmund
  5001 | D:5      | Killed Edmund
  5002 | D:5      | Reached XP level 7. HP: 11/43 MP: 0/10
  5505 | D:5      | Noticed Menkaure
  5600 | D:5      | Reached * piety under Hepliaklqana
  6070 | D:5      | Killed Menkaure
  6071 | D:5      | Reached skill level 2 in Fighting
  6353 | D:5      | Identified the +3 scale mail "Acledo" {-Cast rF++ rC+ SInv}
  6518 | D:5      | Reached XP level 8. HP: 45/45 MP: 7/11
  6906 | D:6      | Reached skill level 3 in Fighting
  7096 | D:6      | Reached skill level 5 in Shields
  7206 | D:6      | Learned a level 4 spell: Hailstorm
  7340 | D:6      | Noticed Blork the orc
  7346 | D:6      | Killed Blork the orc
  7405 | D:6      | Reached skill level 4 in Fighting
  7405 | D:6      | Reached skill level 1 in Conjurations
  7635 | D:6      | Found a basalt altar of Yredelemnul.
  7646 | D:6      | Found a snail-covered altar of Cheibriados.
  7662 | D:6      | Found a glowing silver altar of Zin.
  7669 | D:6      | Found a hide-covered altar of Uskayaw.
  8349 | D:7      | Reached XP level 9. HP: 53/53 MP: 6/13
  8805 | D:7      | Reached skill level 5 in Fighting
  8879 | D:7      | Found Cesyun's Jewellery Shop.
  8957 | D:7      | Reached ** piety under Hepliaklqana
  8958 | D:7      | Remembered your ancestor Octavius as a hexer
  9200 | D:7      | Reached skill level 6 in Fighting
  9544 | D:8      | Identified a scroll of acquirement
  9544 | D:8      | Acquired 1072 gold pieces
  9588 | D:7      | Bought a ring of ice for 300 gold pieces
  9588 | D:7      | Bought the ring of Nopem {rElec Int+7 SInv Stlth-} for 507
                  | gold pieces
  9590 | D:7      | Bought an amulet of reflection for 360 gold pieces
  9634 | D:8      | Noticed Joseph
  9641 | D:8      | Noticed Psyche
  9650 | D:8      | Killed Psyche
  9654 | D:8      | Killed Joseph
  9906 | D:8      | Reached skill level 7 in Fighting
  9985 | D:8      | Reached XP level 10. HP: 15/63 MP: 14/14
 10353 | D:8      | Reached skill level 1 in Invocations
 11032 | D:9      | Noticed a water nymph
 11097 | D:9      | Noticed a salamander
 11104 | D:9      | Killed a salamander
 11105 | D:9      | Reached skill level 8 in Fighting
 11444 | D:9      | Noticed a deep elf pyromancer
 11460 | D:9      | Killed a deep elf pyromancer
 12051 | D:9      | Found an opulent altar of Gozag.
 12257 | D:9      | Found Gozag's Platinum Reserve.
 12942 | D:10     | Entered Level 10 of the Dungeon
 12942 | D:10     | Found a flagged portal.
 12956 | D:10     | Learned a level 3 spell: Mephitic Cloud
 12957 | Bailey   | Entered a bailey
 13123 | Bailey   | Reached skill level 1 in Air Magic
 13123 | Bailey   | Reached skill level 5 in Invocations
 13152 | Bailey   | Reached XP level 11. HP: 34/70 MP: 9/16
 13289 | Bailey   | Noticed an orc warlord
 13437 | Bailey   | Killed an orc warlord
 13438 | Bailey   | Reached skill level 9 in Fighting
 13979 | Bailey   | Got the Papyrus of the Arsonist
 14097 | D:10     | Reached *** piety under Hepliaklqana
 14117 | D:10     | Found a staircase to the Lair.
 14210 | D:10     | Reached skill level 10 in Ice Magic
 14260 | D:10     | Found a bloodstained altar of Trog.
 14364 | D:10     | Found a staircase to the Orcish Mines.
 14787 | D:10     | Reached skill level 10 in Fighting
 15240 | D:11     | Noticed a five-headed hydra
 15436 | D:7      | Bought a ring of poison resistance for 240 gold pieces
 15515 | Lair:1   | Entered Level 1 of the Lair of Beasts
 15556 | Lair:1   | Reached **** piety under Hepliaklqana
 17131 | Lair:2   | Reached skill level 5 in Spellcasting
 17131 | Lair:2   | Reached XP level 12. HP: 54/80 MP: 5/19
 17310 | Lair:2   | Found a hole to the Spider Nest.
 17317 | Lair:2   | Reached skill level 11 in Fighting
 17354 | Lair:2   | Noticed Nergalle
 17716 | Lair:2   | Killed Nergalle
 18072 | Lair:2   | Found a staircase to the Swamp.
 18314 | Lair:2   | Identified the +6 trident of Woe {vorpal, rC+ Stlth+}
 18323 | Lair:2   | Learned a level 5 spell: Freezing Cloud
 18553 | Lair:2   | Reached skill level 5 in Dodging
 18766 | Lair:2   | Reached skill level 1 in Polearms
 19387 | Lair:3   | Noticed a catoblepas
 19438 | Lair:3   | Killed a catoblepas
 19873 | Lair:3   | Identified the +8 mace "Ymucox" {vamp, MP+9 Int+7}
 20230 | Lair:4   | Reached ***** piety under Hepliaklqana
 20249 | Lair:4   | Reached skill level 5 in Conjurations
 20464 | Lair:4   | Noticed a death yak
 20466 | Lair:4   | Noticed a death yak
 20467 | Lair:4   | Noticed a death yak
 20479 | Lair:4   | Killed a death yak
 20562 | Lair:4   | Killed a death yak
 20562 | Lair:4   | Killed a death yak
 20563 | Lair:4   | Reached XP level 13. HP: 86/86 MP: 12/20
 20899 | Lair:5   | Noticed Urug
 20913 | Lair:5   | Killed Urug
 21658 | Lair:5   | Reached skill level 12 in Fighting
 21714 | Lair:5   | Found a broken altar of Ashenzari.
 22310 | Lair:6   | Entered Level 6 of the Lair of Beasts
 22926 | Lair:5   | Reached skill level 5 in Polearms
 23780 | Lair:6   | Reached XP level 14. HP: 63/93 MP: 20/22
 25584 | Lair:6   | Identified the +7 scimitar of Superiority {pain, rElec
                  | rPois Int-5 SInv}
 25648 | Lair:6   | Reached skill level 13 in Fighting
 26606 | D:12     | Gained mutation: You are frail. (-10% HP) [potion of
                  | mutation]
 26606 | D:12     | Gained mutation: One of your tentacles bears a spike.
                  | [potion of mutation]
 26606 | D:12     | Gained mutation: You are partially covered in iridescent
                  | scales. (AC +2) [potion of mutation]
 26607 | D:12     | Lost mutation: One of your tentacles bears a spike. [potion
                  | of mutation]
 26607 | D:12     | Lost mutation: You are frail. (-10% HP) [potion of
                  | mutation]
 26607 | D:12     | Lost mutation: You are partially covered in iridescent
                  | scales. (AC +2) [potion of mutation]
 26607 | D:12     | Gained mutation: You expend magic power (3 MP) to
                  | strengthen your wands. [potion of mutation]
 26607 | D:12     | Gained mutation: One of your tentacles bears a spike.
                  | [potion of mutation]
 29876 | D:14     | Found a gate to the Vaults.
 29877 | D:14     | Noticed Agnes
 29897 | D:14     | Reached skill level 10 in Invocations
 29944 | D:14     | Killed Agnes
 29945 | D:14     | Reached XP level 15. HP: 18/99 MP: 14/24
 30602 | D:14     | Found an ancient bone altar of Kikubaaqudgha.
 30609 | D:14     | Noticed Jorgrun
 30655 | D:14     | Killed from afar by Jorgrun

Illustrated notes

Levels and vault maps discovered:
D:1:      lightli_arrival_statuegarden, layout_basic,
          chequers_ecumenical_altar_island, due_unseen_surprise
D:2:      minmay_chambers_of_ones, layout_basic, basic_altar, bh_walls_and_bars
D:3:      layout_loops_corners, beargit_hepliaklqana_dungeon_heroes,
          lemuel_crystal_altar, nrook_campfire, kennysheep_big_empty_room,
          uniq_jessica
D:4:      layout_loops_ring, minmay_temple_entry_proselytizer, serial_shops,
          shop, st_stairs_2
D:5:      layout_basic, serial_corexii_hall, corexii_hall_statues_x,
          corexii_hall_statues_x, hangedman_glass_teeth, uniq_menkaure,
          uniq_edmund
D:6:      layout_cave_pools, nicolae_overflow_quartered_altars,
          uniq_blork_the_orc
D:7:      kennysheep_housing_project, layout_basic, serial_shops, shop,
          hangedman_decor_clover_reticule, minmay_fire_ice_demons
D:8:      layout_basic, minmay_fractal_squares_gapless_5, uniq_psyche,
          uniq_joseph
D:9:      layout_cave_pods, nicolae_gozag_zags_fifth_avenue, minmay_librarian
D:10:     layout_gridville, bloody_trog, erik_lair_orcish_takeover,
          minmay_orc_entry_temple_small, enter_bailey_5
D:11:     layout_cross
D:12:     layout_basic, grunt_livestock
D:13:     layout_rooms
D:14:     layout_loops_ring, david_vaults_2, grunt_decor_cap,
          nicolae_kikubaaqudgha_miasma_corner, uniq_jorgrun, uniq_agnes
Lair:1:   layout_hall_layers
Lair:2:   layout_big_grid, minmay_swamp_entry_worms,
          spider_nest_entry_web_field, infiniplex_staircase_pool, uniq_nergalle
Lair:3:   layout_chaotic_city, serial_bayou_shore_b
Lair:4:   layout_misc_corridors
Lair:5:   layout_hall_layers, basic_altar, uniq_urug
Lair:6:   evilmike_catoblepas_cave, layout_regular_city,
          minmay_slime_entry_oklob_enclosed, lemuel_fruit_fields,
          grunt_megastairs_5, serial_bayou_shore_b, infiniplex_staircase_pool_2,
          lemuel_fruit_fields

Skill      XL: |  1  2  3  4  5  6  7  8  9 10 11 12 13 14 15 |
---------------+----------------------------------------------+-----
Stealth        | 3 |  3.0
Fighting       | 1 2 4 7 8 10 11 12 13 | 13.7
Ice Magic      | 5 6 7 8 9 10 11 12 | 12.8
Shields        | 1 2 3 4 5 8 |  8.0
Conjurations   | 2 4 5 6 |  6.0
Spellcasting   | 3 5 6 |  6.0
Invocations    | 5 6 8 10 | 10.0
Air Magic      | 1 3 |  3.0
Dodging        | 3 6 7 9 |  9.5
Polearms       | 3 5 7 8 |  8.1

Action                   |  1- 3 |  4- 6 |  7- 9 | 10-12 | 13-15 || total
-------------------------+-------+-------+-------+-------+-------++-------
Melee: Unarmed           |     2 |       |       |       |       ||     2
       Dagger            |    45 |    65 |    93 |       |       ||   203
       Tentacles         |    11 |    13 |    30 |    57 |    66 ||   177
       Constrict         |     8 |    15 |    23 |    53 |    32 ||   131
       Punch             |     1 |     1 |     1 |     4 |     9 ||    16
       Whip              |       |       |    10 |   173 |       ||   183
       Trident           |       |       |       |    55 |   337 ||   392
       Kick              |       |       |       |       |    43 ||    43
 Cast: Freeze            |    28 |    36 |    30 |    19 |    20 ||   133
       Frozen Ramparts   |       |     6 |    22 |    44 |    36 ||   108
       Ozocubu's Armour  |       |     1 |     7 |    22 |    33 ||    63
       Hailstorm         |       |       |     1 |     2 |     1 ||     4
       Mephitic Cloud    |       |       |       |     8 |     6 ||    14
       Freezing Cloud    |       |       |       |     5 |    20 ||    25
Invok: Recall Ancestor   |       |       |     3 |     3 |     1 ||     7
       Ancestor Life: He |       |       |     1 |       |       ||     1
       Idealise          |       |       |       |     1 |       ||     1
       Transference      |       |       |       |       |     1 ||     1
Evoke: Wand              |       |     2 |     1 |     2 |       ||     5
       Phantom mirror    |       |       |       |     1 |     1 ||     2
  Use: Scroll            |       |    11 |     4 |    14 |     1 ||    30
       Potion            |       |       |       |     2 |     2 ||     4
 Stab: Sleeping          |    10 |     7 |     6 |     5 |     8 ||    36
       Paralysed         |       |     1 |     3 |       |       ||     4
       Distracted        |       |       |     1 |     3 |     6 ||    10
       Confused          |       |       |       |     4 |     9 ||    13
Armor: Skin              |     3 |     7 |    17 |    21 |    27 ||    75
Dodge: Dodged            |    30 |    42 |    55 |    75 |   138 ||   340
Block: Buckler           |       |    15 |    55 |   162 |   189 ||   421
       Reflection        |       |       |       |     7 |    16 ||    23

Table legend: (Time is in decaauts)
 A = Elapsed time spent in this place.
 B = Non-inter-level travel time spent in this place.
 C = Inter-level travel time spent in this place.
 D = Time resting spent in this place.
 E = Time spent auto-exploring this place.
 F = Levels seen in this place.
 G = Mean time per level.
                   A        B        C        D        E       F      G
               +--------+--------+--------+--------+--------+-----+--------+
         Total |  30757 |  29260 |   1497 |   9253 |  14464 |  21 | 1464.6 |
       Dungeon |  19022 |  18000 |   1022 |   5748 |   9004 |  14 | 1358.7 |
          Lair |  10605 |  10130 |    475 |   3097 |   5144 |   6 | 1767.5 |
        Bailey |   1130 |   1130 |      0 |    408 |    316 |   1 | 1130.0 |
               +--------+--------+--------+--------+--------+-----+--------+

Top non-repeatable levels by time:
  Lair:5: 2703 daAuts
  Lair:6: 2434 daAuts
    D:12: 2341 daAuts
  Lair:1: 2272 daAuts
     D:9: 2115 daAuts
     D:7: 1602 daAuts
     D:5: 1601 daAuts
     D:4: 1460 daAuts
     D:3: 1446 daAuts
    D:10: 1319 daAuts
     D:2: 1260 daAuts
  Lair:2: 1249 daAuts
     D:8: 1248 daAuts
  Lair:3: 1246 daAuts
     D:1: 1240 daAuts
